AoeStats
← Tomato Cultivator

MegaRandom

504598653Analyzed
1v1 RM · 1mo ago on Sep 5, 2026· 46m 56s· 2 players
Game mode
Random Map
Map size
Tiny (2 player)
Population
200
Speed
Normal
Resources
Standard
Victory
Conquest
Starting age
Dark Age
Ending age
Imperial Age
RankedLock teamsTeams togetherTeam positionsShared explorationLock speedFull tech treeHidden civsTurbo modeCheats
Victory
Defeat
🇮🇳 Turks · India
1433
+17
vs
🇦🇷 Japanese · Argentina
1444
-17
Tomato Cultivator
10:11 Feudal Age
11:06 Loom
12:43 Double-Bit Axe
18:18 Fletching
21:51 Castle Age
22:27 Bodkin Arrow
22:52 Medium Warships
32:55 Imperial Age
32:21 Padded Archer Armor
37:45 Bloodlines
39:44 Scale Barding Armor
41:25 Leather Archer Armor
47:35 Chain Barding Armor
TQLeo
4:45 Loom
8:09 Loom
10:18 Feudal Age
11:21 Double-Bit Axe
15:53 Fishing Lines
16:15 Fletching
21:11 Castle Age
20:51 Town Watch
21:52 Bodkin Arrow
22:10 Medium Warships
25:53 Demolition Ship
26:57 Horse Collar
34:46 Squires
35:04 Elite Skirmisher
36:07 Padded Archer Armor
37:03 Wheelbarrow
39:54 Imperial Age
37:20 Pikeman
38:23 Ballistics
38:23 Leather Archer Armor
39:18 Scale Mail Armor
39:05 Arson
39:54 Forging
41:02 Conscription
41:25 Bracer
42:50 Chemistry
44:03 Chain Mail Armor
46:06 Ring Archer Armor
Connection lost

Rejoining the realm…

Still unreachable

The connection could not be restored.

Session expired

The server has moved on; the page needs a fresh start.